Cogmind - Beta 17 @@@ ROGUE MODE // 2026.07.29 @ 23:00:48 Player: 4R-ZE3 Result: Destroyed by E3-HQV(R) with Subdweller Machine Gun Performance ------------- Evolutions (0) 0 Regions Visited (2) 400 Robots Destroyed (32) 160 Value Destroyed (803) 803 Prototype IDs (2) 40 Alien Tech Used (0) 0 Bonus (0) 0 TOTAL SCORE: 1403 Bonus ------- None Cogmind --------- Core Integrity 0/250 Matter 137/300 Energy 250/250 System Corruption 0% Temperature Cool (0) Movement Treading (360) Ox2 Location -10/Subcaves Parts ------- > --- POWER (1) -------- Ion Engine > --- PROPULSION (2) --- Spiked Treads > --- UTILITY (2) ------ High-capacity Storage Unit > --- WEAPON (2) ------- Subdweller Machine Gun Subdweller Shrapnel Launcher > --- INVENTORY (20) --- Light Ion Engine Wheel Compact Wheel Compact Wheel Subdweller Monowheel Improved Heat Sink Huge Storage Unit Improved Terrain Scanner Seismic Detector Makeshift System Shield Light Assault Rifle Battle Rifle Battle Rifle Barrage Gun Barrage Gun Light Cannon Light Cannon Light Cannon Subdweller Shrapnel Launcher Hammer Peak State ------------ > --- POWER ------------ Ion Engine > --- PROPULSION ------- Light Treads Light Treads > --- UTILITY ---------- High-capacity Storage Unit Light Armor Plating > --- WEAPON ----------- Subdweller Machine Gun Barrage Gun > --- INVENTORY -------- Light Ion Engine Wheel Compact Wheel Compact Wheel Subdweller Monowheel Improved Heat Sink Huge Storage Unit Improved Terrain Scanner Seismic Detector Makeshift System Shield Light Assault Rifle Light Assault Rifle Light Assault Rifle Barrage Gun Light Cannon Light Cannon Light Cannon Subdweller Shrapnel Launcher Subdweller Shrapnel Launcher Hammer [Rating: 13] Favorites ----------- Power Light Ion Engine Engine Light Ion Engine Propulsion Light Treads Treads Light Treads Wheel Compact Wheel Utility High-capacity Storage Unit Storage High-capacity Storage Unit Protection Light Armor Plating Weapon Assault Rifle Ballistic Gun Assault Rifle Launcher Subdweller Shrapnel Launcher Impact Weapon Hammer Build | -11 -10 -10 ------- Run | Yrd Mat Sub Slots Evolved . | . . . Power . | . . . Propulsion . | . . . Utility . | . . . Weapon . | . . . Parts Attached 26 | 6 8 12 Power 4 | 1 1 2 Engine 4 | 1 1 2 Core . | . . . Reactor . | . . . Propulsion 6 | 2 2 2 Treads 5 | 2 2 1 Leg . | . . . Wheel 1 | . . 1 Hover . | . . . Flight . | . . . Utility 7 | 1 4 2 Device . | . . . Storage 3 | 1 2 . Processor . | . . . Hackware . | . . . Protection 4 | . 2 2 Artifact . | . . . Weapon 9 | 2 1 6 Energy Gun . | . . . Energy Cannon . | . . . Ballistic Gun 7 | 2 1 4 Ballistic Cannon . | . . . Launcher 1 | . . 1 Special Weapon . | . . . Impact Weapon 1 | . . 1 Slashing Weapon . | . . . Piercing Weapon . | . . . Special Melee Weapon . | . . . Unidentified Prototypes . | . . . Parts Lost 9 | . 4 5 Power 2 | . 1 1 Propulsion 4 | . 2 2 Utility 2 | . . 2 Weapon 1 | . 1 . Highest Loss Streak 3 | . 3 2 To Critical Strikes . | . . . Average Backups 16 | 2 13 19 Power . | . . 1 Propulsion 5 | 2 6 4 Utility 5 | . 4 5 Weapon 5 | . 2 8 Tool/Special . | . . . Unused Backups 19 | . . 19 Power 1 | . . 1 Propulsion 6 | . . 6 Utility 4 | . . 4 Weapon 8 | . . 8 Tool/Special . | . . . Average Slot Usage (%) 95 | . 92 97 Engine 13 | . 13 13 Treads 27 | . 27 27 Storage 14 | . 14 14 Protection 10 | . 7 11 Ballistic Gun 26 | . 28 26 Peak Build Rating 13 | 6 9 13 Average Rating 9 | 4 7 10 On Entrance 5 | . 6 9 Avg Prop Armor Cover (%) 12 | . . 12 Naked Turns . | . . . Heaviest Build 57 | 12 52 57 Greatest Support 40 | 40 40 40 Greatest Overweight (x) 3 | . 2 3 Average Overweight (x) 1 | . . 1 Largest Inventory Capacity 25 | 8 25 20 Average Capacity 19 | 7 19 20 Most Carried 20 | 6 19 20 Average Carried 16 | 2 13 19 Final Capacity 20 | 8 20 20 Final Carried 20 | 6 18 20 Class Distribution -------------------- 95% | Mutant 4% | Scavenger-Mutant Dominant Class ---------------- Mutant | -10/Materials Mutant | -10/Subcaves Resources | -11 -10 -10 ----------- Run | Yrd Mat Sub Matter Collected 1001 | 214 392 395 Remotely . | . . . Salvage Created 1150 | 101 629 420 Parts 77 | 6 36 35 Haulers Intercepted 1 | . 1 . Recyclers Shooed . | . . . Parts Field Recycled . | . . . Retrieved Matter . | . . . Parts Self-Destructed 5 | . . 5 Prevented . | . . . Parts Restored . | . . . Kills | -11 -10 -10 ------- Run | Yrd Mat Sub Combat Hostiles Destroyed 27 | . 15 12 Guns 25 | . 15 10 AOE 2 | . . 2 Classes Destroyed 9 | 2 4 3 Worker 1 | . 1 . Tunneler 1 | 1 . . Hauler 1 | . 1 . Recycler 2 | 1 1 . Swarmer 9 | . 6 3 Grunt 10 | . 9 1 Sentry 1 | . . 1 Cobbler 1 | . . 1 Subdweller 7 | . . 7 Best Kill Streak 4 | 2 4 3 Combat Bots Only 4 | . 4 3 Max Kills in Single Turn 1 | 1 1 1 Gunslinging . | . . . Exploded 1 | . . 1 Melee . | . . . Uniques/NPCs Destroyed . | . . . Combat | -11 -10 -10 -------- Run | Yrd Mat Sub Hostile Shots Fired 186 | . 112 74 Missed 54 | . 30 24 Hits 132 | . 82 50 Projectile 132 | . 82 50 Critical Strikes 2 | . 1 1 Damage Taken 1653 | . 798 855 Core 264 | . 91 173 Absorbed by Shields . | . . . Core Remaining (%) 100 | 100 . . Volleys Fired 112 | 7 62 43 Largest 2 | 2 2 2 Hottest 70 | 40 40 70 Shots Fired 224 | 14 124 86 Gun 220 | 14 124 82 Cannon . | . . . Launcher 4 | . . 4 Special . | . . . Kinetic 224 | 14 124 86 Thermal . | . . . Explosive . | . . . Electromagnetic . | . . . Robot Hit Streak 22 | 5 7 22 Robot Miss Streak 4 | 2 3 4 Penetration Max . | . . . Secondary Targets 6 | . 3 3 Max Gunslinging Chain 1 | . 1 1 Shots Hit Robots 152 | 9 78 65 Core Hits 61 | 3 32 26 Critical Kills 1 | . 1 . Critical Parts Destroyed 1 | . 1 . Critical Strikes 3 | . 2 1 Destroy 3 | . 2 1 Melee Attacks 7 | . . 7 Impact 7 | . . 7 Slashing . | . . . Piercing . | . . . Sneak Attacks . | . . . Combat Hostiles . | . . . Follow-up Attacks . | . . . Damage Inflicted 2161 | 106 912 1143 Guns 1874 | 106 912 856 Cannons . | . . . Explosions 287 | . . 287 Melee . | . . . Ramming . | . . . Kinetic 2161 | 106 912 1143 Thermal . | . . . Explosive . | . . . Electromagnetic . | . . . Impact . | . . . Slashing . | . . . Piercing . | . . . Highest Corruption . | . . . Average Corruption . | . . . Corruption Purged . | . . . Corruption Blocked . | . . . Overload Shots . | . . . Overflow Damage 28 | . . 28 Projectiles . | . . . Explosions 28 | . . 28 Melee . | . . . Knockbacks . | . . . Impact . | . . . Kinetic . | . . . Secondary . | . . . Self-Inflicted Damage 40 | . . 40 Shots 2 | . . 2 Rammed . | . . . Targets Rammed . | . . . Kicked . | . . . Crushed . | . . . Highest Temperature 258 | . 60 258 Average Temperature 38 | . 13 158 Received Heat Transfer 596 | . 216 380 Siege Activations . | . . . Martial Activations . | . . . Shielding Activations . | . . . Robots Disrupted . | . . . Combat Hostiles . | . . . Robots Corrupted . | . . . Combat Hostiles . | . . . Parts Fried . | . . . Impact Corruptions . | . . . Robots Melted . | . . . Combat Hostiles . | . . . Parts Melted . | . . . Heat Transferred . | . . . Parts Sabotaged . | . . . Parts Stolen . | . . . Parts Stripped . | . . . Power Chain Reactions . | . . . Alert | -11 -10 -10 ------- Run | Yrd Mat Sub Maximum Alert Level . | . . . Low Security (%) 100 | 100 100 . Level 1 . | . . . Level 2 . | . . . Level 3 . | . . . Level 4 . | . . . Level 5 . | . . . High Security . | . . . Max Security . | . . . Peak Influence 90 | 5 90 . Initial . | . . . Average 24 | . 26 . Influence Increases 517 | 10 397 110 Destroy 0b10 Robot/C 400 | . 300 100 Destroy 0b10 Robot/NC 25 | 10 15 . Destroy Leader 82 | . 72 10 Successful Hack 9 | . 9 . Destroy Structure 1 | . 1 . Influence Decreases 480 | 10 385 85 Entered New Map 7 | . . 7 Time Decay 378 | 10 290 78 Lost Part 40 | . 40 . Purge Threat 55 | . 55 . Squads Dispatched 3 | . 3 . Investigation 2 | . 2 . Extermination . | . . . Reinforcement 1 | . 1 . Assault . | . . . Garrison . | . . . Intercept . | . . . Searches Triggered . | . . . Construction Impeded . | . . . Haulers Reinforced . | . . . Active Scanning Responses . | . . . Cargo Convoy Interrupts . | . . . Stealth | -11 -10 -10 --------- Run | Yrd Mat Sub Distress Signals . | . . . Communications Jammed . | . . . Distress Signals . | . . . Times Spotted 37 | . 24 13 Peak Tracking Total 4 | . 4 3 Tactical Retreats . | . . . Traps | -11 -10 -10 ------- Run | Yrd Mat Sub Traps Triggered 2 | . 2 . Indirectly . | . . . Trap Hack Attempts . | . . . Triggered . | . . . Disarmed . | . . . Reprogrammed . | . . . Reused . | . . . Traps Extracted . | . . . Installed . | . . . Triggered . | . . . Machines | -11 -10 -10 ---------- Run | Yrd Mat Sub Machines Disabled . | . . . Max in Single Turn . | . . . Machines Repaired . | . . . Machines Dismantled . | . . . Machines Sabotaged . | . . . Overloaded Fab Kills . | . . . Hacking | -11 -10 -10 --------- Run | Yrd Mat Sub Machines Accessed 5 | . 5 . Terminals 4 | . 4 . Fabricators . | . . . Repair Stations . | . . . Recycling Units 1 | . 1 . Scanalyzers . | . . . Garrison Access . | . . . Total Hacks 13 | . 13 . Successful 8 | . 8 . Failed 5 | . 5 . Catastrophic 1 | . 1 . Database Lockouts . | . . . Manual 8 | . 8 . Terminals 12 | . 12 . Fabricators . | . . . Repair Stations . | . . . Recycling Units 1 | . 1 . Scanalyzers . | . . . Garrison Access . | . . . Terminal Hacks 4 | . 4 . Robot Analysis 2 | . 2 . Prototype ID Bank 1 | . 1 . Unreport Threat 1 | . 1 . Fabricator Hacks . | . . . Repair Station Hacks . | . . . Recycling Unit Hacks 1 | . 1 . Retrieve Components 1 | . 1 . Scanalyzer . | . . . Garrison Access Hacks . | . . . Unauthorized Hacks 3 | . 3 . Terminals 3 | . 3 . Botnet 3 | . 3 . Fabricators . | . . . Repair Stations . | . . . Recycling Units . | . . . Scanalyzers . | . . . Garrison Access . | . . . Data Cores Recovered . | . . . Used . | . . . Hacking Detections 4 | . 4 . Full Trace Events 1 | . 1 . Feedback Events . | . . . Feedback Blocked . | . . . Robot Schematics Acquired . | . . . Robots Built . | . . . Authchips . | . . . Time . | . . . Total Robot Build Rating . | . . . Part Schematics Acquired . | . . . Parts Built . | . . . Authchips . | . . . Time . | . . . Total Part Build Rating . | . . . Part Studies Acquired . | . . . Parts Repaired . | . . . Time . | . . . Parts Recycled . | . . . Recycled Matter . | . . . Retrieved Matter . | . . . Retrieved Components 3 | . 3 . Parts Scanalyzed . | . . . Part Schematics Acquired . | . . . Parts Damaged . | . . . Bothacking | -11 -10 -10 ------------ Run | Yrd Mat Sub Used RIF Installer . | . . . Robots Hacked . | . . . Non-combat . | . . . Combat . | . . . Robot Hacks Applied . | . . . Relay Couplers Released . | . . . Fabnet Peak Effective % . | . . . Robots Rewired . | . . . Allies Hacked . | . . . Hacks Repelled . | . . . Allies | -11 -10 -10 -------- Run | Yrd Mat Sub Total Allies . | . . . Largest Group . | . . . Highest-Rated Group . | . . . Highest-Rated Ally . | . . . Total Orders . | . . . Ally Attacks . | . . . Total Damage . | . . . Kills . | . . . Allies Corrupted . | . . . Allies Melted . | . . . Intel | -11 -10 -10 ------- Run | Yrd Mat Sub Active Infowar (turns) . | . . . Robot Analysis Total 2 | . 2 . Derelict Logs Recovered . | . . . Drone Launches . | . . . Drone Recoveries . | . . . Exploration | -11 -10 -10 ------------- Run | Yrd Mat Sub Turns Passed 3272 | 99 1210 1963 Spaces Moved 1209 | 42 408 759 Core 3 | 3 . . Treads 1145 | 39 408 698 Legs . | . . . Wheels 61 | . . 61 Hover . | . . . Flight . | . . . Fastest Speed 50 | 50 160 145 Average Speed 232 | 152 239 233 Slowest Speed 320 | 160 320 250 Overloaded Moves . | . . . Propulsion Burnouts . | . . . Robots Hopped . | . . . Potential Cave-ins . | . . . Cave-ins Triggered . | . . . Exploration Rate (%) 47 | 3 80 59 Regions Visited 2 Branch Regions 1 Pre-discovered Areas . | . . . Known Exits Taken . | . . . Unknown Exits Taken 2 | 1 1 . Scrap Searched 4 | . . 4 Spaces Dug . | . . . Terrain Destroyed 52 | . . 52 Melee . | . . . Projectile . | . . . AOE 52 | . . 52 Terrain Rammed . | . . . Walls Destroyed . | . . . Machines Disabled . | . . . Actions | -11 -10 -10 --------- Run | Yrd Mat Sub Total 1444 | 60 523 861 Wait 40 | . 27 13 Move 1207 | 41 407 759 Hop . | . . . Pick Up 28 | 6 15 7 Fast Attach 12 | 6 5 1 Attach 7 | . 4 3 Detach 1 | . 1 . Swap 20 | . 1 19 Drop 10 | . 1 9 Fire 112 | 7 62 43 Melee 7 | . . 7 Ram . | . . . Kick . | . . . Crush . | . . . Escape Stasis . | . . . Rewire . | . . . Trap . | . . . Miscellaneous . | . . . Route ------- -11/Scrapyard -10/Materials (discovered 3 exits: [*Mat x2] / [*Sub]) -10/Subcaves History --------- Turn | Location | Event 16 | -11/Scrapyard | Discovered new exit (range 16) 100 | -11/Scrapyard | Entered Materials 302 | -10/Materials | Build established: Mutant 681 | -10/Materials | Lost 3 parts (1p1n1w) 748 | -10/Materials | Discovered new exit (range 5) 960 | -10/Materials | Discovered new exit (range 16) 1221 | -10/Materials | Discovered new exit (range 8) 1310 | -10/Materials | Entered Subcaves 1311 | -10/Subcaves | Approached by a straggling Scientist 1679 | -10/Subcaves | Shifting Twisted Machinery released Sub. Shrapnel Launcher 1679 | -10/Subcaves | Shifting Twisted Machinery released Sub. Shrapnel Launcher 1908 | -10/Subcaves | Curiously followed by a Cobbler waking with a query about "LVR3C" 2460 | -10/Subcaves | Core integrity fell below 50% 2845 | -10/Subcaves | Core integrity fell below 20% 3076 | -10/Subcaves | Shifting Twisted Machinery released Spk. Treads 3272 | -10/Subcaves | Ambushed by Subdweller buried in earth 3273 | -10/Subcaves | Destroyed by E3-HQV(R) with Subdweller Machine Gun Last Messages --------------- 02884_ Dropped Sub. Machine Gun. 02907_ Subatomizers dissect the Sub. Optics. 02976_ E2-KHS(R) destroyed. 02976_ Switching to secondary target: Q2-OB9(R). 02979_ Critical hit (Meltdown: +260). 02981_ Lgt. Treads destroyed. 02981_ Lgt. Armor Plating destroyed. 02986_ Q2-OB9(R) affixes Scrap Shield Fragment to Scrap Shield. 02988_ Q2-OB9(R) destroyed. 02992_ Acquired 31 matter. 02993_ Acquired 28 matter. Spk. Treads falls loose from the Twisted Machinery. 03264_ Lgt. Treads destroyed. 03266_ Destroyed Sml. Laser. 03266_ G-34 Mercenary destroyed. 03272_ Y-45 Defender destroyed. 03273_ E3-HQV(R): "ARGHSUB!" Map ----- +----------------------------------------------------+ | ?????## "" ##??####??###"???????????? | | ?????# ###???" ###""" ????????[ #? | | ?????## #????# " ????????# ?? | | ?????## #######"" ?????????#### #???# # | | ?????# ## " " #?????????###### #???## # | | ?????# " #######??## ### ###?# | | ????# #### "## # #### ## ### | | ??# ### #??#" ## | | ?# #?###?#" ## | | | ?# ??????## ### ###### #### | | ?## ???????## #?# ####????# ##?#### | | ??## ????????# ## #?# #???????# ###### # | | ???# ????????####### #???????# # | | ???## ?????????????# ##???????## # | | ????# ?????????????## ##?????????# # | | ???? ?? ???????????## #???????#### ## | | ???? ?? =???????????####??????## ## ## ##? | | ???# ?? ##??????????????????# ########?? | | ???# ??? #?####???????????# #????????? | | ????#?????? # ; ??????????## ## #???????? | | ???????????? ????????## #### ##???????? | | ?????????????#; ##????### ##??###????????? | | ??????????????# R ##?## ##??????????????? | | ??????????????#; % ;;### #???????????????? | | ??????????????# #???????????????? | | ??????????????#; = @ ##??????????????? | | ??????????????#; ##?????????????? | | ??????????????#; #????????????? | | ??????????????## ; ## #????????????? | | ???????????????##; # ;# # ###?####????????????? | | ????????????????####?#########???????????????????? | | ?????????????????????????????????????????????????? | | ?????????????????????????????????????????????????? | | ?????????????????????????????????????????????????? | | ?????????????????????????????????????????????????? | | ?????????????????????????????????????????????????? | | ?????????????????????????????????????????????????? | | ?????????????????????????????????????????????????? | | ?????????????????????????????????????????????????? | | ?????????????????????????????????????????????????? | | ?????????????????????????????????????????????????? | | ?????????????????????????????????????????????????? | | ?????????????????????????????????????????????????? | | ?????????????????????????????????????????????????? | | ?????????????????????????????????????????????????? | | | | | | | | | | | +----------------------------------------------------+ Best States ------------- Heat Dissipation 25 Energy Generation 10 Energy Capacity 250 Matter Stores 300 Matter Capacity 300 Sight Range 16 Terrain Scan Density 10 Armor Coverage 150 Evasion (%) 40 Recoil Reduction 2 Item Schematics ----------------- None Robot Schematics ------------------ None Fabricated ------------ Nothing Repaired ---------- Nothing Studied --------- None Alien Tech Used ----------------- None Achievements -------------- Art Critic Challenges ------------ None Game ------ Seed ReactionVisualRegenerator Manual? 0 Play Time 00:15:39 Cumulative 129.1 hours Start 2026.07.29 @ 22:46:32 End 2026.07.29 @ 23:00:48 Sessions 1 Manual Loads 0 Difficulty Rogue Special Mode None Game No. 144 Rogue 90 Adventurer 54 Explorer 0 Win Type - Total 3 Types 2/0/0/1/0/0/0/0/0/0 Lore% 54 Gallery% 52 Achievement% 47 Wizard Run 0 Options --------- Layout 1 ASCII 0 Keyboard 0 Movement Mouse Keybinds 1 Fullscreen 2 Font 32/Tamsyn Map View 50x35 Zoom Use 0% Tactical HUD 1 Map Filters NONE Filters NONE Steam 1 RUN: 412ab9d2-a8ba-4c35-a0d0-f4f256e25375